 Dungeon Crawl Stone Soup version 0.23-a0-448-g1c01f63 (webtiles) character file.

72 Dfrag the Firebug (level 4, -5/36 HPs)
             Began as a Naga Fire Elementalist on Nov 20, 2018.
             Slain by a gnoll
             ... wielding a +0 spear
              (7 damage)
             ... on level 2 of the Dungeon.
             The game lasted 00:02:01 (1326 turns).

Dfrag the Firebug (Naga Fire Elementalist)          Turns: 1326, Time: 00:02:01

Health: -5/36      AC:  2    Str: 10    XL:     4   Next: 26%
Magic:  2/8        EV: 10    Int: 16    God:
Gold:   74         SH:  0    Dex: 12    Spells: 0/8 levels left

rFire    . . .     SeeInvis +   f - +2 dagger (holy)
rCold    . . .     Gourm    .   (no shield)
rNeg     . . .     Faith    .   a - +0 robe
rPois    +         Spirit   .   (no helmet)
rElec    .         Reflect  .   (no cloak)
rCorr    .         Harm     .   (no gloves)
MR       .....                  (no barding)
Stlth    ++........             (no amulet)
HPRegen  0.12/turn              (no ring)
MPRegen  0.11/turn              (no ring)

@: very slow
A: large, see invisible, deformed body, poison resistance, slowness 2, slow
metabolism 1, spit poison 1, AC +1
a: Spit Poison


You were on level 2 of the Dungeon.
You were not hungry.

You visited 1 branch of the dungeon, and saw 3 of its levels.

You collected 74 gold pieces.

Inventory:

Hand Weapons
 f - a +2 dagger of holy wrath (weapon)
Armour
 a - a +0 robe (worn)
Wands
 j - a wand of digging (5)
Scrolls
 b - a scroll of immolation {unknown}
 g - 3 scrolls of enchant weapon {unknown}
 h - a scroll of amnesia {unknown}
 m - a scroll of blinking {unknown}
Potions
 d - 2 potions of curing {unknown}
 e - 2 potions of might {unknown}
 i - a potion of degeneration {unknown}
 k - 2 potions of resistance {unknown}
 l - 2 potions of agility {unknown}
Comestibles
 c - 7 rations
 n - a chunk of flesh


   Skills:
 - Level 1.5 Dodging
 - Level 3.0 Stealth
 + Level 2.8 Spellcasting
 + Level 2.3 Conjurations
 + Level 3.7 Fire Magic


You couldn't memorise any spells.
You knew the following spells:

 Your Spells              Type           Power        Failure   Level  Hunger
a - Flame Tongue          Conj/Fire      ##...        5%          1    #......
b - Conjure Flame         Conj/Fire      ##......     16%         3    ###....
c - Sticky Flame          Conj/Fire      ##......     47%         4    #####..

Your spell library contained the following spells:

 Spells                   Type           Power        Failure   Level  Hunger
 Magic Dart               Conj           #...         8%          1    #......
 Throw Flame              Conj/Fire      ##....       9%          2    ##.....
 Inner Flame              Hex/Fire       #.......     26%         3    ###....
 Blink                    Tloc           N/A          28%         2    ##.....
 Call Imp                 Summ           #.......     28%         2    ##.....
 Slow                     Hex            #.......     28%         2    ##.....
 Mephitic Cloud           Conj/Pois/Air  #.......     38%         3    ###....
 Fireball                 Conj/Fire      ##........   83%         5    ######.


Dungeon Overview and Level Annotations

Branches:
Dungeon (3/15)

Altars:


Innate Abilities, Weirdness & Mutations

You cannot wear boots.
Your serpentine skin is tough. (AC +1)
You have supernaturally acute eyesight. (SInv)
Armour fits poorly on your strangely shaped body.
Your system is resistant to poisons. (rPois)
You cover ground very slowly.
You have a slow metabolism.
You can spit poison.


Message History

Casting: Sticky Flame (very dangerous; 50% risk of failure)
Confirm with . or Enter, or press ? or * to list all spells.
The spell is very dangerous to cast (50% risk of failure)!
Continue anyway?
Aiming: Sticky Flame (very dangerous; 50% risk of failure)
Press: ? - help, Shift-Dir - straight line, f - gnoll, p - gnoll
Aim: a gnoll, wielding a +0 whip The sticky flame hits the gnoll.
The gnoll is moderately wounded.
The gnoll is covered in liquid flames!
The gnoll burns!
The gnoll closely misses you. The gnoll hits you with a +0 whip!
* * * LOW HITPOINT WARNING * * *
Unknown command.
The gnoll burns! x2; The gnoll hits you with a +0 spear.
* * * LOW HITPOINT WARNING * * *
Unknown command.
You have got your breath back.
The gnoll burns!
You kill the gnoll!
The gnoll hits you from afar with a +0 spear!
You die...

...#+######.#..##+##.#
........##........##.#
........'.......####.############
........###......................
........# #.#...####......#######
##......# #.#...#########.#
#......# #.#...........#.#
###..### #.#.g#.#......#.# ##
#..#####+#.>.@.<.....#'#######
.###..........##.(...............
..............##............#####
.####.........###...........#
....'.......................#
.####........####...........# .#
#..........)+...........# .#
#........####...........# .#
#........# #...........#


You could see a gnoll.

Vanquished Creatures
  A gnoll (D:2)
  3 adders (D:2)
  A dart slug (D:1)
  3 bats
  A giant cockroach (D:1)
  7 goblins
  3 hobgoblins (D:1)
  4 jackals (D:1)
  A kobold (D:2)
  A quokka (D:2)
  A ball python (D:2)
  2 frilled lizards
  4 rats
32 creatures vanquished.

Notes
Turn   | Place    | Note
-------+----------+-------------------------------------------
     0 | D:1      | Dfrag the Naga Fire Elementalist began the quest for the
                  | Orb.
     0 | D:1      | Reached XP level 1. HP: 15/15 MP: 3/3
   109 | D:1      | Reached XP level 2. HP: 19/22 MP: 1/5
   482 | D:1      | Reached XP level 3. HP: 13/28 MP: 0/6
  1100 | D:2      | Reached XP level 4. HP: 23/36 MP: 1/8
  1224 | D:2      | Learned a level 3 spell: Conjure Flame
  1229 | D:2      | Learned a level 4 spell: Sticky Flame
  1326 | D:2      | Slain by a gnoll

Vault maps used:
D:1:      dpeg_arrival_tiny_b, minmay_indecisive_spiral
D:2:      first_ration, minmay_puff
D:3:      nicolae_ru_path_of_blood, overflow_temple_1_default, okawaru_trees_2,
          st_stairs_6, grunt_ministairs_4

Skill      XL: |  1  2  3 |
---------------+----------+-----
Conjurations   | 2 |  2.3
Dodging        | |  1.5
Stealth        | |  3.0
Spellcasting   | |  2.8
Fire Magic     | |  3.7

Action                   |  1- 3 |  4- 6 || total
-------------------------+-------+-------++-------
Melee: Unarmed           |     3 |       ||     3
       Dagger            |     8 |     6 ||    14
 Cast: Flame Tongue      |    23 |     8 ||    31
       Sticky Flame      |       |     1 ||     1
 Abil: Spit Poison       |    15 |     2 ||    17
  Eat: Chunk             |     1 |     1 ||     2
Armor: Robe              |     1 |     6 ||     7
Dodge: Dodged            |    16 |     9 ||    25

Table legend:
 A = Non-vault XP
 B = Vault XP
 C = Vault XP percentage of total XP
 D = Non-vault monster count
 E = Vault monster count
 F = Vault count percentage of total count
                 A         B        C        D         E       F
            +---------+---------+-------+---------+---------+-------
      Total |      80 |      24 |  23.1 |      24 |       8 |  25.0
            +---------+---------+-------+---------+---------+-------
        D:1 |      33 |       6 |  15.4 |      16 |       4 |  20.0
        D:2 |      47 |      18 |  27.7 |       8 |       4 |  33.3
            +---------+---------+-------+---------+---------+-------
